 Dungeon Crawl Stone Soup version 0.28.0-1-gb440e238dd (webtiles) character file.

Game seed: 2213875128149872659

147361 a3don the Peltast (level 14, -4/124 (126) HPs)
             Began as a Minotaur Fighter on Feb 21, 2022.
             Was the Champion of Ru.
             Succumbed to a jorogumo's poison
             ... on level 3 of the Spider Nest.
             The game lasted 01:42:05 (40670 turns).

a3don the Peltast (Minotaur Fighter)               Turns: 40670, Time: 01:42:05

HP:   -4/124 (126)  AC: 32    Str: 32      XL:     14   Next: 62%
MP:   18/18         EV:  7    Int:  4 (5)  God:    Ru [******]
Gold: 942           SH: 21    Dex: 10      Spells: 13/20 levels left

rFire   + + .      SeeInvis +   a - +8 broad axe "Vopudwuu" {vorpal, rF+ rCorr SInv}
rCold   . . .      Faith    .   y - +2 tower shield
rNeg    . . .      Spirit   .   m - +5 plate armour
rPois   .          Reflect  .   (helmet restricted)
rElec   .          Harm     .   O - +0 cloak
rCorr   +          Rampage  ∞   s - +1 pair of gloves
Will    +....                   u - +3 pair of seven-league boots {Rampage+∞}
Stlth   ..........              J - amulet of the acrobat
HPRegen 0.30/turn               G - ring of protection from fire
MPRegen 0.16/turn               v - +6 ring of strength

@: lethally poisoned (-4 -> -23), spiked, studying 2 skills, lightly drained
A: horns 2, frail 1, no stealth, hated by all, no hexes magic, no poison magic,
no translocations magic, inexperienced 1, retaliatory headbutt
}: 1/15 runes: decaying
a: Renounce Religion, Draw Out Power, Power Leap, Apocalypse


You were on level 3 of the Spider Nest.
You worshipped Ru.
Ru was exalted by your worship.
You visited 5 branches of the dungeon, and saw 28 of its levels.

You collected 2226 gold pieces.
You spent 1284 gold pieces at shops.

Inventory:

Hand Weapons
 a - the +8 broad axe "Vopudwuu" (weapon) {vorpal, rF+ rCorr SInv}
   (You acquired it on level 3 of the Lair of Beasts)

   It inflicts extra damage upon your enemies.
   rF:        It protects you from fire.
   SInv:      It lets you see invisible.
   rCorr:     It protects you from acid and corrosion.
 b - the +4 mace of the Eternal Void {flame, rPois Str+2}
   (You bought it in a shop on level 2 of the Orcish Mines)

   It burns those it strikes, dealing additional fire damage.
   Str:       It affects your strength (+2).
   rPois:     It protects you from poison.
 o - a +2 scimitar of flaming
 V - the +6 falchion of Optimality {holy, *Rage rC+++ Will+}
   (You found it on level 11 of the Dungeon)

   It has been blessed by the Shining One to cause great damage to the undead
   and demons.
   rC:        It renders you almost immune to cold.
   *Rage:     It berserks you when you make melee attacks (+20% chance).
   Will:      It increases your willpower.
Missiles
 t - 11 boomerangs (quivered)
 w - 2 atropa-tipped darts
 P - 3 throwing nets
 X - 11 javelins
Armour
 m - a +5 plate armour (worn)
 s - a +1 pair of gloves (worn)
 u - the +3 pair of seven-league boots (worn) {Rampage+∞}
   (You found it on level 5 of the Dungeon)

   Its wearer moves as far as possible in that direction when moving towards
   enemies.
 y - a +2 tower shield (worn)
 O - a +0 cloak (worn)
Jewellery
 e - a ring of willpower
 j - a ring of willpower
 r - a +4 ring of protection
 v - a +6 ring of strength (right hand)
 E - a ring of protection from cold
 G - a ring of protection from fire (left hand)
 J - an amulet of the acrobat (around neck)
 Z - a ring of see invisible
Wands
 c - a wand of paralysis (7)
 g - a wand of digging (15)
 p - a wand of mindburst (1)
 L - a wand of polymorph (1)
 M - a wand of flame (28)
 N - a wand of iceblast (10)
 T - a wand of acid (13)
Scrolls
 d - a scroll of silence {unknown}
 f - 10 scrolls of teleportation
 h - 4 scrolls of blinking
 l - 4 scrolls of fog
 A - 3 scrolls of noise {unknown}
 B - a scroll of fear {unknown}
 C - a scroll of vulnerability {unknown}
 H - a scroll of magic mapping
 R - 2 scrolls of torment
 S - 4 scrolls of immolation
 Y - a scroll of summoning {unknown}
Potions
 i - a potion of invisibility
 k - a potion of cancellation {unknown}
 n - 3 potions of ambrosia
 q - 2 potions of flight
 x - a potion of berserk rage {unknown}
 z - 3 potions of attraction
 D - a potion of resistance
 I - 2 potions of lignification {unknown}
 K - 4 potions of might
 Q - a potion of haste
 U - 2 potions of heal wounds
 W - 2 potions of curing
Miscellaneous
 F - a condenser vane


   Skills:
 + Level 17.3 Fighting
 + Level 17.1 Axes
 + Level 17.3 Armour
 + Level 17.7 Shields
 + Level 3.9 Spellcasting
 + Level 4.2 Ice Magic
 + Level 7.4 Evocations


You had 13 spell levels left.
You knew the following spells:

 Your Spells              Type           Power      Damage    Failure   Level
a - Freeze                Ice            16%        1d4       61%         1
b - Frozen Ramparts       Ice            8%         1d2       93%         3
c - Ozocubu's Armour      Ice            4%         N/A       93%         3

Your spell library contained the following spells:

 Spells                   Type           Power      Damage    Failure   Level
 Passwall                 Tmut/Erth      0%         N/A       100%        2
 Swiftness                Air            0%         N/A       100%        3
 Hailstorm                Conj/Ice       2%         3d3       100%        4
 Dragon Form              Tmut           0%         N/A       100%        7
 Ozocubu's Refrigeration  Ice            2%         4d5       100%        7
 Storm Form               Tmut/Air       0%         N/A       100%        7
 Ensorcelled Hibernation  Hex/Ice        Unusable   N/A       N/A         2
 Summon Small Mammal      Summ           Unusable   N/A       N/A         1
 Blink                    Tloc           Unusable   N/A       N/A         2
 Call Canine Familiar     Summ           Unusable   N/A       N/A         3
 Summon Guardian Golem    Hex/Summ       Unusable   N/A       N/A         3
 Cause Fear               Hex            Unusable   N/A       N/A         4
 Summon Ice Beast         Ice/Summ       Unusable   N/A       N/A         4
 Manifold Assault         Tloc           Unusable   N/A       N/A         5
 Summon Mana Viper        Hex/Summ       Unusable   N/A       N/A         5
 Dispersal                Tloc           Unusable   N/A       N/A         6
 Monstrous Menagerie      Summ           Unusable   N/A       N/A         7
 Disjunction              Tloc           Unusable   N/A       N/A         8
 Dragon's Call            Summ           Unusable   N/A       N/A         9

Dungeon Overview and Level Annotations

Branches:
Dungeon (12/15)            Temple (0/1) D:4            Lair (6/6) D:8
  Swamp (4/4) Lair:3       Spider (4/4) Lair:4          Orc (2/2) D:11
    Elf (0/3) Orc:2
  Slime: Lair:5-6

Altars:
Kikubaaqudgha
Nemelex Xobeh
Qazlal
Ru
Sif Muna
Trog
Uskayaw
Yredelemnul
Beogh

Shops:
D:6 *   Orc:2 (***

Annotations:
D:3 3 runed translucent doors, Snicker's ghost, weakling DsDe; Zeldest's ghost, amateur TrWz; fknight's ghost, amateur HOMo
D:9 2 transporters
Lair:4 !azure
Spider:1 2 exclusions
Spider:3 Roxanne


Innate Abilities, Weirdness & Mutations

You have a pair of horns on your head.
You are frail. (-10% HP)
You cannot be stealthy.
You are hated by all.
You cannot study or cast Hexes magic.
You cannot study or cast Poison magic.
You cannot study or cast Translocations magic.
You are somewhat inexperienced. (-2 XL)
You reflexively headbutt those who attack you in melee.


Message History

The orb spider spins a strand of pure energy.
The culicivora begins to attack, but is stunned by your conviction!
The demonic crawler shrieks in warning!
You hear an angry hiss.
You hear an angry buzzing noise. x2
You hear an angry hiss. x2; You hear an angry buzzing noise. x2
You stride towards the jorogumo!
The barbed spikes dig painfully into your body as you move.
You slice the jorogumo!!
The jorogumo is heavily wounded.
You feel sick. The jorogumo hits you.
You feel yourself slow down. You block the redback's attack.
The barbed spikes dig painfully into your body as you move.
You feel very sick. The jorogumo hits you.
* * * LOW HITPOINT WARNING * * *
You are more poisoned.
You feel as though you will be slow longer.
You block the tarantella's attack. The jorogumo closely misses you.
The tarantella touches you but does no damage.
The orb spider begins to attack, but is stunned by your conviction!
You block the redback's attack.
There is an escape hatch in the ceiling here.
You feel yourself speed up.
* * * LOW HITPOINT WARNING * * *
You feel extremely sick. The culicivora bites you!
* * * LOW HITPOINT WARNING * * *
The culicivora draws strength from your injuries!
You block the redback's attack.
The tarantella touches you but does no damage.
You block the jorogumo's attack. The redback bites you!
* * * LOW HITPOINT WARNING * * *
The tarantella barely misses you.
The culicivora bites you but does no damage.
You block the jorogumo's attack.
The barbed spikes dig painfully into your body as you move.
* * * LOW HITPOINT WARNING * * *
A mysterious force pulls you upwards. The hatch slams shut behind you.
Level annotation: Roxanne You die...

###################### ###
#...^................###.#
#....................#..^##
#....................#..... #
####................#####..^..
####.#.................#.#.......
##...........#.......##..........
##.......#####.s.s...#..#...#..##
##^.....####....@#########..#####
###....## #....sH.#.## ##...##,
##....## #.....^....## #.....#,
#^...## #######..^..## ###..##,
##...## ###^...###*#..... ##.^..#
#.......##...... .#....#
#............... .##..##
##.#........^... .#....#
###............


You could see a jorogumo, a culicivora, a tarantella and a redback.

Vanquished Creatures
  Jorgrun (Spider:1)
  Mlioglotl (Spider:1)
  A thorn hunter (Swamp:2)
  Kirke (Spider:3)
  Donald (Spider:3)
  2 fenstrider witches
  An emperor scorpion (Spider:1)
  An orc warlord (Orc:1)
  2 ghost moths
  An eleionoma (Swamp:4)
  7 bunyips
  Azrael (Spider:3)
  3 spark wasps
  3 shambling mangroves
  An ettin (Orc:2)
  Harold (D:8)
  18 hydras
  Fannar (D:11)
  3 boulder beetles
  A ghost crab (Swamp:4)
  A centaur warrior (Orc:2)
  A catoblepas (Lair:3)
  A two-headed ogre (D:10)
  2 radroaches
  12 alligators
  A death yak (Lair:4)
  An orc high priest (Orc:2)
  4 spriggan druids
  7 goliath frogs
  3 orb spiders (Spider:1)
  10 swamp dragons
  Pikel (D:8)
  2 steelbarb worms
  9 bog bodies
  2 deep elf pyromancers
  An orc sorcerer (Orc:2)
  An orc knight (Orc:2)
  A cyclops (D:11)
  12 wolf spiders
  2 will-o-the-wisps
  Maurice (D:8)
  6 elephants
  2 torpor snails
  5 black mambas
  10 centaur zombies
  17 cane toads
  An unseen horror (D:11)
  3 centaur skeletons (D:7)
  Psyche (D:8)
  3 demonic crawlers
  A rime drake (Lair:3)
  10 komodo dragons
  2 hellwings (D:7)
  4 meliai
  3 trolls
  6 tyrant leeches
  Grinder (D:4)
  A polar bear (Lair:5)
  20 hornets
  9 blink frogs
  9 dream sheep (Lair:4)
  16 tarantellas
  14 jumping spiders
  8 culicivoras
  Sigmund (D:4)
  13 spriggans
  2 vampires (D:10)
  2 wyverns (Lair:4)
  3 basilisks
  31 yaks
  4 fire elementals (Spider:3)
  Grum (D:11)
  4 hogs (Spider:3)
  20 redbacks
  A steam dragon (Lair:4)
  3 vampire mosquitoes (Swamp:2)
  11 swamp worms
  A warg (Orc:2)
  19 water moccasins
  Duvessa (D:4)
  3 hell hounds (Spider:3)
  2 ice beasts
  6 swamp drakes
  A sky beast (D:6)
  3 black bears
  4 ogres
  33 orc warriors
  2 necrophages
  3 phantoms
  3 wolves (D:11)
  16 centaurs
  3 lemures (D:8)
  2 kobold brigands
  2 gnoll sergeants
  15 bullfrogs
  3 scorpions
  Dowan (D:4)
  13 killer bees
  11 wights
  4 howler monkeys
  An electric eel (Lair:4)
  A bullfrog zombie (D:7)
  4 jellies
  A gnoll shaman (D:8)
  14 orc priests
  3 hounds
  5 iguanas
  10 orc wizards
  A scorpion zombie (D:5)
  A killer bee zombie (D:7)
  A howler monkey zombie (D:10)
  12 gnolls
  3 adders
  5 shadow imps
  A worm (D:3)
  4 dart slugs
  49 orcs
  7 ball pythons
  6 bats
  11 endoplasms
  3 giant cockroaches
  5 goblins
  8 hobgoblins
  5 jackals
  2 quokkas
  2 frilled lizards (D:1)
  16 kobolds
  6 rats
712 creatures vanquished.

Vanquished Creatures (collateral kills)
  2 spriggans (Swamp:3)
  A hornet (Swamp:3)
3 creatures vanquished.

Vanquished Creatures (others)
  A bunyip (Swamp:3)
  3 hydras
  An alligator (Swamp:1)
  A pharaoh ant (Spider:3)
  2 swamp dragons
  A wolf spider (Spider:2)
  3 bloated husks
  3 tarantellas
  A hornet (Swamp:2)
  3 tyrant leeches
  A redback (Spider:1)
  A swamp worm (Swamp:1)
  An orc warrior (Orc:2)
  A wight (D:7)
  An adder skeleton (D:4)
  4 foxfires
  47 fungi
  63 plants
  10 withered plants
148 creatures vanquished.

Grand Total: 863 creatures vanquished

Notes
Turn   | Place    | Note
-------+----------+-------------------------------------------
     0 | D:1      | a3don the Minotaur Fighter began the quest for the Orb.
     0 | D:1      | Reached XP level 1. HP: 19/19 MP: 0/0
   112 | D:1      | Reached XP level 2. HP: 27/27 MP: 1/1
   299 | D:1      | Found a faded altar of an unknown god.
   403 | D:1      | Reached XP level 3. HP: 31/33 MP: 2/2
  1652 | D:2      | Reached XP level 4. HP: 34/40 MP: 3/3
  2225 | D:3      | Found a runed translucent gate.
  2225 | D:3      | Found a runed translucent gate.
  2225 | D:3      | Found a runed translucent gate.
  2277 | D:3      | Noticed fknight's ghost (amateur HOMo)
  2277 | D:3      | Noticed Zeldest's ghost (amateur TrWz)
  2277 | D:3      | Noticed Snicker's ghost (weakling DsDe)
  2361 | D:3      | Found a stormy altar of Qazlal.
  2361 | D:3      | Found a basalt altar of Yredelemnul.
  2523 | D:3      | Found a sacrificial altar of Ru.
  2526 | D:3      | Found a bloodstained altar of Trog.
  2530 | D:3      | Found a sparkling altar of Nemelex Xobeh.
  2724 | D:4      | Reached XP level 5. HP: 45/47 MP: 4/4
  2753 | D:4      | Noticed Grinder
  2761 | D:4      | Killed Grinder
  2762 | D:4      | Reached skill level 5 in Fighting
  2762 | D:4      | Reached skill level 5 in Armour
  2762 | D:4      | Reached skill level 5 in Shields
  2762 | D:4      | Reached XP level 6. HP: 24/56 MP: 5/5
  3175 | D:4      | Found a hide-covered altar of Uskayaw.
  3231 | D:4      | Found a staircase to the Ecumenical Temple.
  3443 | D:4      | Noticed Dowan
  3443 | D:4      | Noticed Duvessa
  3456 | D:4      | Killed Duvessa
  3461 | D:4      | Killed Dowan
  3462 | D:4      | Reached skill level 5 in Axes
  3462 | D:4      | Reached XP level 7. HP: 17/62 MP: 6/6
  3872 | D:4      | Noticed Sigmund
  3888 | D:4      | Killed Sigmund
  4770 | D:5      | Entered Level 5 of the Dungeon
  4789 | D:5      | Found an ancient bone altar of Kikubaaqudgha.
  4924 | D:5      | Found the +3 pair of seven-league boots {Rampage+∞}
  5126 | D:5      | Reached XP level 8. HP: 59/71 MP: 7/7
  6137 | D:6      | Found a shimmering blue altar of Sif Muna.
  6485 | D:6      | Found Atippicw's General Store.
  6500 | D:6      | Bought a scroll of teleportation for 30 gold pieces
  6705 | D:7      | Reached XP level 9. HP: 81/81 MP: 8/8
  6735 | D:7      | Noticed a hellwing
  6966 | D:7      | Killed a hellwing
  7273 | D:7      | Noticed a hellwing
  7324 | D:7      | Reached XP level 10. HP: 91/91 MP: 9/9
  7482 | D:8      | Noticed Pikel
  7495 | D:8      | Killed Pikel
  7659 | D:8      | Found a staircase to the Lair.
  7737 | D:8      | Noticed Psyche
  7748 | D:8      | Killed Psyche
  7794 | D:8      | Reached skill level 10 in Armour
  7794 | D:8      | Reached skill level 10 in Shields
  7934 | D:8      | Noticed a boulder beetle
  7975 | Lair:1   | Entered Level 1 of the Lair of Beasts
  8048 | Lair:1   | Noticed a cane toad
  8052 | Lair:1   | Reached skill level 10 in Fighting
  8059 | Lair:1   | Killed a cane toad
  8459 | Lair:1   | Noticed a black mamba
  8476 | Lair:1   | Killed a black mamba
  8477 | Lair:1   | Reached skill level 10 in Axes
  8546 | Lair:1   | Noticed a cane toad
  8557 | Lair:1   | Killed a cane toad
  8794 | Lair:1   | Noticed a cane toad
  8809 | Lair:1   | Killed a cane toad
  8915 | Lair:1   | Noticed a cane toad
  8985 | Lair:1   | Killed a cane toad
  8994 | Lair:1   | Reached XP level 11. HP: 33/101 MP: 4/10
 11530 | Lair:2   | Noticed a five-headed hydra
 11624 | Lair:2   | HP: 3/104 [five-headed hydra (4)]
 11626 | Lair:2   | Killed a five-headed hydra
 13102 | Lair:3   | Reached XP level 12. HP: 112/112 MP: 11/11
 13492 | Lair:3   | Noticed a catoblepas
 13553 | Lair:3   | Killed a catoblepas
 14199 | Lair:3   | Found a staircase to the Swamp.
 14772 | Lair:4   | Found a hole to the Spider Nest.
 15215 | Lair:6   | Entered Level 6 of the Lair of Beasts
 16233 | D:8      | Noticed Maurice
 16236 | D:8      | Killed Maurice
 16252 | D:8      | Noticed Harold
 16269 | D:8      | Killed Harold
 16680 | D:3      | Became a worshipper of Ru the Awakened
 17084 | D:9      | Found a transporter.
 17297 | D:9      | Found a transporter.
 17528 | D:10     | Entered Level 10 of the Dungeon
 17708 | D:10     | Noticed a two-headed ogre
 17718 | D:10     | Killed a two-headed ogre
 17719 | D:10     | Reached XP level 13. HP: 110/123 MP: 10/12
 17883 | D:10     | Gained mutation: You are frail. (-10% HP) [Ru sacrifice]
 17883 | D:10     | Reached * piety under Ru
 17883 | D:10     | Reached ** piety under Ru
 18534 | D:11     | Noticed Fannar
 18537 | D:11     | Found a frozen archway.
 18546 | D:11     | Killed Fannar
 18892 | D:11     | Found a staircase to the Orcish Mines.
 19978 | D:11     | Noticed Grum
 19987 | D:11     | Killed Grum
 20138 | D:11     | Identified the +6 falchion of Optimality {holy, *Rage rC+++
                  | Will+}
 20558 | Orc:1    | Entered Level 1 of the Orcish Mines
 20717 | Orc:2    | Entered Level 2 of the Orcish Mines
 20793 | Orc:2    | Gained mutation: You cannot study or cast Poison magic. [Ru
                  | sacrifice]
 20793 | Orc:2    | Gained mutation: You cannot study or cast Hexes magic. [Ru
                  | sacrifice]
 20793 | Orc:2    | Gained mutation: You cannot study or cast Translocations
                  | magic. [Ru sacrifice]
 20793 | Orc:2    | Reached *** piety under Ru
 20807 | Orc:2    | Noticed an orc warlord
 21191 | Orc:1    | Killed an orc warlord
 22480 | Orc:2    | Found Cowk's General Store.
 22480 | Orc:2    | Found Korch's Assorted Antiques.
 22482 | Orc:2    | Found Rufiacac's Weapon Shop.
 22484 | Orc:2    | Found Zodape's Assorted Antiques.
 22488 | Orc:2    | Bought a scroll of magic mapping for 38 gold pieces
 22490 | Orc:2    | Bought a dented malachite amulet for 155 gold pieces
 22490 | Orc:2    | Bought a scroll of enchant armour for 232 gold pieces
 22537 | Orc:2    | Found a staircase to the Elven Halls.
 22609 | Orc:2    | Noticed an ettin
 22613 | Orc:2    | Killed an ettin
 23170 | Orc:2    | Bought the +4 mace of the Eternal Void {flame, rPois Str+2}
                  | for 530 gold pieces
 24239 | Orc:2    | Bought a +3 vorpal broad axe for 299 gold pieces
 24488 | Lair:4   | Gained mutation: You are hated by all. [Ru sacrifice]
 24488 | Lair:4   | Reached **** piety under Ru
 24686 | Lair:4   | Reached skill level 15 in Armour
 24900 | Lair:4   | Reached skill level 15 in Shields
 24909 | Lair:4   | Reached skill level 15 in Fighting
 25086 | Lair:4   | Reached XP level 14. HP: 100/121 MP: 10/13
 25265 | Lair:4   | Noticed an azure jelly
 25916 | Swamp:1  | Entered Level 1 of the Swamp
 25999 | Lair:3   | Identified a scroll of acquirement
 25999 | Lair:3   | Acquired the +8 broad axe "Vopudwuu" {vorpal, rF+ rCorr
                  | SInv}
 26070 | Swamp:1  | Reached skill level 15 in Axes
 26280 | Swamp:1  | Reached skill level 1 in Evocations
 27952 | Swamp:2  | Noticed a thorn hunter
 27971 | Swamp:2  | Killed a thorn hunter
 28252 | Swamp:2  | Gained mutation: You are somewhat inexperienced. (-2 XL)
                  | [Ru sacrifice]
 28252 | Swamp:2  | Reached XP level 13. HP: 109/114 MP: 12/12
 28252 | Swamp:2  | Reached XP level 12. HP: 108/108 MP: 11/11
 28252 | Swamp:2  | Reached ***** piety under Ru
 28681 | Swamp:2  | Noticed a fenstrider witch
 28710 | Swamp:2  | Killed a fenstrider witch
 29505 | Swamp:3  | Reached skill level 5 in Evocations
 30039 | Swamp:3  | Noticed a fenstrider witch
 30153 | Swamp:3  | Reached XP level 13. HP: 71/115 MP: 12/12
 30453 | Swamp:3  | Reached skill level 1 in Ice Magic
 30525 | Swamp:3  | Killed a fenstrider witch
 30825 | Swamp:3  | Reached skill level 1 in Spellcasting
 31085 | Swamp:4  | Entered Level 4 of the Swamp
 33997 | Swamp:4  | Got a decaying rune of Zot
 34453 | Swamp:4  | Gained mutation: You cannot be stealthy. [Ru sacrifice]
 34453 | Swamp:4  | Reached ****** piety under Ru
 34937 | Swamp:4  | Learned a level 1 spell: Freeze
 34941 | Swamp:4  | Learned a level 3 spell: Frozen Ramparts
 34945 | Swamp:4  | Learned a level 3 spell: Ozocubu's Armour
 35470 | Spider:1 | Entered Level 1 of the Spider Nest
 36226 | Spider:1 | Reached XP level 14. HP: 123/123 MP: 17/17
 36301 | Spider:1 | Noticed Jorgrun
 36316 | Spider:1 | Killed Jorgrun
 36633 | Spider:1 | Noticed Mlioglotl
 36644 | Spider:1 | Killed Mlioglotl
 36703 | Spider:1 | Acquired a manual of Shields
 37340 | Spider:2 | You fall into a shaft and drop 1 floor!
 37363 | Spider:3 | Noticed Kirke
 37363 | Spider:3 | Noticed Azrael
 37367 | Spider:3 | Killed Kirke
 37372 | Spider:3 | Killed Azrael
 37648 | Spider:3 | Identified Roxanne's Tome of Earth
 37648 | Spider:3 | Noticed Roxanne
 40413 | Spider:3 | Noticed Donald
 40433 | Spider:3 | Killed Donald
 40614 | Spider:4 | Entered Level 4 of the Spider Nest
 40670 | Spider:4 | HP: 3/124 [barbs]
 40670 | Spider:3 | Succumbed to a jorogumo's poison

Illustrated notes

Levels and vault maps discovered:
D:1:      shiori_arrival_oz, layout_loops_corners, ebering_ecumenical_altar_box,
          minmay_misc_feat_chi
D:2:      layout_rooms
D:3:      minmay_angry_zag, layout_loops_ring, grunt_temple_overflow_diamond,
          gammafunk_temple_overflow_statue, gammafunk_ghost_cemetery
D:4:      layout_layer_cave, kennysheep_mini_moat, lemuel_temple_firewalk_b,
          serial_glass, glass_columns_b, glass_columns_a, uniq_sigmund,
          uniq_duvessa, uniq_grinder
D:5:      layout_gridville, mainiacjoe_overflow_cross_hatched, minmay_checkerbox
D:6:      layout_cave_pools, mainiacjoe_overflow_surrounded_room,
          grunt_ministairs_12, minmay_crystal_water, grunt_decor_one_mirror,
          kennysheep_small_square
D:7:      cheibrodos_grave_circle, layout_basic, patterned_corridor
D:8:      layout_cave_pools, grunt_lair_entry_orc_guard_hut, uniq_maurice,
          uniq_psyche, uniq_harold, uniq_pikel
D:9:      gammafunk_cloud_chamber, layout_irregular_city
D:10:     layout_big_octagon
D:11:     hellmonk_destroyed_diamonds, layout_gridville, orc_0_dummy,
          portal_ice_cave_entry_pillars_2, uniq_fannar, uniq_grum
D:12:     layout_cave_pods, hellmonk_bongcloud_opening, nicolae_stop_n_shop_2,
          eino_tiny_chamber
Lair:1:   layout_layer_cave, serial_bayou_shore_a
Lair:2:   layout_hall_layers
Lair:3:   layout_regular_city, minmay_swamp_entry_worms, hibernation_bobbens
Lair:4:   nzn_winding_woodlands_medium [nzn_winding_woodlands_5x5_closed_star,
          nzn_winding_woodlands_5x15_concentric,
          nzn_winding_woodlands_hourglass, nzn_winding_woodlands_5x5_cross,
          nzn_winding_woodlands_center_pierced_h,
          nzn_winding_woodlands_5x5_open_star,
          nzn_winding_woodlands_5x5_perimeter,
          nzn_winding_woodlands_5x15_garden,
          nzn_winding_woodlands_5x5_checkerboard], layout_regular_city,
          hellmonk_spider_entry_not_the_bees, fungi_pond_lemuel,
          nicolae_lair_time_for_slime
Lair:5:   layout_regular_city, nicolae_slime_entry_slimehenge, minivault_26,
          infiniplex_staircase_pool
Lair:6:   hangedman_lair_tendril_chambers, layout_long_grid
Swamp:1:  layout_basic_swamp, nicolae_swamp_round_clearing
Swamp:2:  layout_falls_marsh, nicolae_swamp_very_dense_foliage, swamp_pool3
Swamp:3:  layout_basic_swamp, serial_swamp_ruin, evilmike_swamp_ruin_rubble_2,
          evilmike_swamp_ruin_house_3, swamp_pool4
Swamp:4:  swamp_alternative, layout_basic_swamp, swamp_pool3
Spider:1: layout_spider_delve, nicolae_spider_orb_run, uniq_jorgrun,
          uniq_mlioglotl
Spider:2: layout_chambers
Spider:3: layout_spider_delve, drop_trap, uniq_kirke, uniq_azrael, uniq_roxanne,
          uniq_donald
Spider:4: spider_rune_water, drop_trap, hive_lemuel
Orc:1:    layout_caves, basic_altar
Orc:2:    st_orc_rangers, layout_caves, basic_altar

Skill      XL: |  1  2  3  4  5  6  7  8  9 10 11 12 13 14 |
---------------+-------------------------------------------+-----
Armour         | 4 5 6 7 9 10 12 16 15 17 | 17.3
Fighting       | 4 5 6 7 9 10 12 16 15 17 | 17.3
Shields        | 4 5 6 7 9 10 12 16 15 17 | 17.7
Axes           | 3 4 5 6 7 9 10 12 13 16 17 | 17.1
Evocations     | 5 6 7 |  7.4
Ice Magic      | 3 4 |  4.2
Spellcasting   | 3 |  3.9

Action                   |  1- 3 |  4- 6 |  7- 9 | 10-12 | 13-15 || total
-------------------------+-------+-------+-------+-------+-------++-------
Melee: War axe           |    82 |    71 |   206 |   685 |   430 ||  1474
       Headbutt          |    14 |     9 |    58 |   194 |   296 ||   571
       Spear             |       |       |       |    11 |       ||    11
       Mace              |       |       |       |    69 |   316 ||   385
       Broad axe         |       |       |       |    65 |   640 ||   705
       Flail             |       |       |       |       |     7 ||     7
Throw: Javelin           |       |       |     1 |     7 |       ||     8
       Boomerang         |       |       |       |     4 |    45 ||    49
Invok: Draw Out Power    |       |       |       |     3 |     4 ||     7
       Sacrifice Experie |       |       |       |     1 |       ||     1
       Apocalypse        |       |       |       |       |     2 ||     2
       Power Leap        |       |       |       |       |     1 ||     1
       Sacrifice Health  |       |       |       |       |     1 ||     1
       Sacrifice Stealth |       |       |       |       |     1 ||     1
       Sacrifice Love    |       |       |       |       |     1 ||     1
       Sacrifice Arcana  |       |       |       |       |     1 ||     1
Evoke: Wand              |       |       |       |     5 |    14 ||    19
       Condenser vane    |       |       |       |     1 |       ||     1
  Use: Potion            |       |     1 |     1 |     4 |     4 ||    10
       Scroll            |       |       |    11 |    11 |    18 ||    40
 Stab: Paralysed         |       |       |       |     3 |     8 ||    11
       Confused          |       |       |       |     1 |     1 ||     2
       Distracted        |       |       |       |       |     6 ||     6
Armor: Scale mail        |    36 |    16 |       |       |       ||    52
       Chain mail        |       |    17 |   182 |   327 |    80 ||   606
       Plate armour      |       |       |       |    94 |   597 ||   691
       Skin              |       |       |       |       |     1 ||     1
Dodge: Dodged            |    34 |    29 |    65 |   159 |   281 ||   568
Block: Buckler           |    12 |    17 |    22 |       |       ||    51
       Tower shield      |       |       |   163 |   808 |  1347 ||  2318
